 Dungeon Crawl Stone Soup version 0.31-a0-37-g98a128e1d9 (webtiles) character file.

Game seed: 9325829591467428543

2128 pk666 the Thaumaturge (level 9, -5/45 HPs)
             Began as a Deep Elf Fire Elementalist on May 15, 2023.
             Slain by an ice beast (14 damage)
             ... on level 6 of the Dungeon.
             The game lasted 00:13:24 (6932 turns).

pk666 the Thaumaturge (Deep Elf Fire Elementalist)  Turns: 6932, Time: 00:13:24

Health: -5/45      AC:  2    Str:  5    XL:     9   Next: 8%
Magic:  17/24      EV: 13    Int: 31    God:
Gold:   282        SH:  0    Dex: 15    Spells: 19/26 levels left

rFire   . . .        r - +2 dagger (elec)
rCold   . . .        (no shield)
rNeg    . . .        a - +0 robe
rPois   .            (no helmet)
rElec   .            (no cloak)
rCorr   +            (no gloves)
SInv    .            (no boots)
Will    .....        B - amulet of magic regeneration
Stlth   ++           f - +6 ring of intelligence
HPRegen 0.27/turn    h - ring of resist corrosion
MPRegen 0.59/turn

%: no passive effects
@: no status effects
A: no striking features
a: no special abilities


You were on level 6 of the Dungeon.
You visited 1 branch of the dungeon, and saw 6 of its levels.

You collected 282 gold pieces.

Inventory:

Hand Weapons
 r - a +2 dagger of electrocution (weapon)
Armour
 a - a +0 robe (worn)
Jewellery
 f - a +6 ring of intelligence (left hand)
 h - a ring of resist corrosion (right hand)
 v - an amulet of faith
 A - a ring of see invisible
 B - an amulet of magic regeneration (around neck)
Scrolls
 c - 2 scrolls of butterflies {unknown}
 d - 2 scrolls of vulnerability {unknown}
 e - 2 scrolls of fog {unknown}
 g - a scroll of enchant weapon {unknown}
 j - 4 scrolls of teleportation
 k - 2 scrolls of noise {unknown}
 n - 2 scrolls of enchant armour {unknown}
 o - 2 scrolls of amnesia {unknown}
 p - a scroll of brand weapon {unknown}
 s - 2 scrolls of blinking {unknown}
 y - a scroll of fear {unknown}
 C - a scroll of immolation {unknown}
 E - a scroll of torment {unknown}
Potions
 b - a potion of magic
 i - a potion of flight {unknown}
 l - a potion of heal wounds {unknown}
 m - a potion of invisibility {unknown}
 t - 2 potions of cancellation
 x - a potion of brilliance {unknown}
 z - 2 potions of curing {unknown}
 D - a potion of ambrosia {unknown}


   Skills:
 + Level 3.5 Dodging
 - Level 2.4 Stealth
 + Level 9.4 Spellcasting
 + Level 7.5 Conjurations
 + Level 8.1 Fire Magic


You had 19 spell levels left.
You knew the following spells:

 Your Spells              Type           Power      Damage    Failure   Level
a - Foxfire               Conj/Fire      100%       2x1d9     1%          1
b - Scorch                Fire           100%       2d9       1%          2
c - Flame Wave            Conj/Fire      58%        2d14      1%          4

Your spell library contained the following spells:

 Spells                   Type           Power      Damage    Failure   Level
 Inner Flame              Hex/Fire       39%        N/A       1%          3
 Volatile Blastmotes      Fire/Tloc      78%        2d16      1%          3
 Stone Arrow              Conj/Erth      74%        3d11      2%          3
 Summon Small Mammal      Summ           56%        N/A       3%          1
 Call Canine Familiar     Summ           14%        N/A       11%         3
 Summon Guardian Golem    Hex/Summ       14%        N/A       11%         3
 Animate Armour           Summ/Erth      28%        N/A       34%         4
 Borgnjor's Revivificati  Necr           7%         N/A       100%        8
 Lehudib's Crystal Spear  Conj/Erth      18%        10d6      100%        8
 Necromutation            Tmut/Necr      7%         N/A       100%        8
 Death's Door             Necr           7%         N/A       100%        9


Dungeon Overview and Level Annotations

Branches:
Dungeon (6/15)
 Temple: D:4-7

Altars:
Wu Jian

Annotations:
D:2 1 runed translucent door, Crazy Yiuf


Message History

The hound is almost dead.
The foxfire hits the hound.
You kill the hound!
An ogre comes into view. It is wielding a +0 giant club.
Casting: Foxfire (safe; 1% risk of failure)
Confirm with . or Enter, or press ? or * to list all spells.
You conjure some foxfire!
The adder bites you.
The foxfire hits the adder!
The adder is almost dead.
The foxfire hits the adder!
You kill the adder!
Casting: Foxfire (safe; 1% risk of failure)
Confirm with . or Enter, or press ? or * to list all spells.
Flames lash the ogre.
The ogre is moderately wounded.
The ogre's fire resistance burns away.
The ice beast hits you. The ice beast freezes you!
Casting: Scorch (safe; 1% risk of failure)
Confirm with . or Enter, or press ? or * to list all spells.
Flames lash the ogre.
The ogre is burned terribly!
The ogre is almost dead.
The ice beast hits you. The ice beast freezes you.
Casting: Scorch (safe; 1% risk of failure)
Confirm with . or Enter, or press ? or * to list all spells.
Casting: Flame Wave (dangerous; 1% risk of failure)
Press: ? - help, Dir - look around, f - activate A wave of flame ripples out!
The flame wave engulfs the ogre!!
The ogre is burned terribly!
You kill the ogre!
The flame wave engulfs the ice beast!!
The ice beast melts!
The ice beast is almost dead. (Press . to intensify the flame waves.)
The ice beast hits you. The ice beast freezes you!
* * * LOW HITPOINT WARNING * * *
A wave of flame ripples out!
The flame wave engulfs the ice beast.
The ice beast is almost dead.
The ice beast hits you.
* * * LOW HITPOINT WARNING * * *
The ice beast freezes you!
You die...

## ############### #.
#.....#.....#.. #!
#.v...#.....#.. #.
#§.#..#..#..#..
#†###..#.)#..#..#..
#)Y....#.....#..... #####
#.@....#.....#.....
#...#####################
##~#.÷.......).......))...
##≈≈.#.........)).........)
#≈≈.≈#.####################
#≈#.≈#.# .....#.....#.....
#≈
##~≈≈##......#.....#..... #
#.#####+###..#..#..#.)#..
###### #≈.# #..#..#..#..#..


You could see an ice beast.

Vanquished Creatures
  A water moccasin (D:6)
  2 black bears
  6 ogres
  2 phantoms
  A kobold brigand (D:6)
  Blork the orc (D:4)
  5 scorpions
  A wight (D:6)
  A howler monkey (D:6)
  A jelly (D:4)
  5 hounds
  3 orc priests
  3 iguanas
  5 orc wizards
  8 adders
  A white imp (D:6)
  2 ufetubi (D:6)
  A worm (D:2)
  2 dart slugs
  18 orcs
  8 ball pythons
  9 endoplasms
  3 giant cockroaches
  8 goblins
  4 hobgoblins
  3 jackals (D:2)
  3 quokkas
  4 bats
  2 frilled lizards (D:3)
  5 kobolds
118 creatures vanquished.

Vanquished Creatures (collateral kills)
  2 foxfires
2 creatures vanquished.

Vanquished Creatures (others)
  373 foxfires
373 creatures vanquished.

Grand Total: 493 creatures vanquished

Notes
Turn   | Place    | Note
-------+----------+-------------------------------------------
     0 | D:1      | pk666 the Deep Elf Fire Elementalist began the quest for
                  | the Orb.
     0 | D:1      | Reached XP level 1. HP: 10/10 MP: 6/6
   371 | D:1      | Reached XP level 2. HP: 15/15 MP: 6/8
  1736 | D:2      | Reached XP level 3. HP: 19/19 MP: 7/10
  2028 | D:2      | Found a runed translucent door.
  2029 | D:2      | Noticed Crazy Yiuf
  2177 | D:2      | Found a faded altar of an unknown god.
  2742 | D:3      | Reached skill level 4 in Spellcasting
  2768 | D:3      | Learned a level 2 spell: Scorch
  3388 | D:4      | Noticed Blork the orc
  3402 | D:4      | Reached XP level 4. HP: 24/24 MP: 9/12
  3700 | D:4      | Reached XP level 5. HP: 28/28 MP: 4/14
  3873 | D:4      | Reached skill level 5 in Spellcasting
  4574 | D:4      | Noticed an ogre
  4591 | D:4      | Killed an ogre
  4592 | D:4      | Reached skill level 5 in Fire Magic
  4592 | D:4      | Reached XP level 6. HP: 32/32 MP: 8/16
  4832 | D:4      | Killed Blork the orc
  4901 | D:5      | Entered Level 5 of the Dungeon
  4905 | D:5      | Reached skill level 6 in Spellcasting
  4949 | D:5      | Reached XP level 7. HP: 36/36 MP: 14/18
  5043 | D:5      | Learned a level 4 spell: Flame Wave
  5257 | D:5      | Reached skill level 5 in Conjurations
  5320 | D:5      | Reached skill level 7 in Spellcasting
  5581 | D:5      | Reached XP level 8. HP: 31/41 MP: 15/21
  6108 | D:6      | Reached skill level 8 in Spellcasting
  6157 | D:6      | Found an ornate altar of the Wu Jian Council.
  6745 | D:6      | Reached skill level 9 in Spellcasting
  6831 | D:6      | Reached XP level 9. HP: 27/45 MP: 18/24
  6932 | D:6      | Slain by an ice beast

Illustrated notes

Levels and vault maps discovered:
D:1:      lightli_arrival_chessboard, layout_basic, chequers_big_river
D:2:      layout_basic, shapermc_ecumenical_altar_totnotflames,
          uniq_crazy_yiuf_cottage
D:3:      layout_loops_ring
D:4:      layout_loops_corners, uniq_blork_the_orc
D:5:      layout_loops_corners, chequers_garden
D:6:      kennysheep_windowed_halls, layout_rooms, overflow_temple_1_default,
          serial_rivers, chequers_serial_rivers_marsh,
          chequers_serial_rivers_large_a, chequers_serial_rivers_micro_b,
          chequers_serial_rivers_small_b

Skill      XL: |  1  2  3  4  5  6  7  8 |
---------------+-------------------------+-----
Conjurations   | 2 3 4 5 7 |  7.5
Spellcasting   | 4 5 6 7 9 |  9.4
Fire Magic     | 4 5 6 8 |  8.1
Dodging        | 3 |  3.5
Stealth        | |  2.4

Action                     |  1- 3 |  4- 6 |  7- 9 || total
---------------------------+-------+-------+-------++-------
   Cast: Foxfire           |   108 |    30 |    88 ||   226
         Scorch            |     1 |    26 |    46 ||    73
         Flame Wave        |       |       |     5 ||     5
    Use: Scroll            |       |       |     5 ||     5
 Armour: Robe              |     7 |     1 |     4 ||    12
  Dodge: Dodged            |     5 |     3 |    12 ||    20

Table legend: (Time is in decaauts)
 A = Elapsed time spent in this place.
 B = Non-inter-level travel time spent in this place.
 C = Inter-level travel time spent in this place.
 D = Time resting spent in this place.
 E = Time spent auto-exploring this place.
 F = Levels seen in this place.
 G = Mean time per level.
                   A        B        C        D        E       F      G
               +--------+--------+--------+--------+--------+-----+--------+
         Total |   6955 |   6859 |     96 |    862 |   5136 |   6 | 1159.2 |
       Dungeon |   6955 |   6859 |     96 |    862 |   5136 |   6 | 1159.2 |
               +--------+--------+--------+--------+--------+-----+--------+

Top non-repeatable levels by time:
     D:4: 1561 daAuts
     D:1: 1374 daAuts
     D:2: 1173 daAuts
     D:6: 1106 daAuts
     D:5: 933 daAuts
     D:3: 805 daAuts
